 Dungeon Crawl Stone Soup version 0.30.1-3-gfc49f6343a (webtiles) character file.

Game seed: 14228675673562133978

116 GeoRichter the Gusty (level 5, -6/28 HPs)
             Began as a Tengu Air Elementalist on Aug 1, 2023.
             Killed from afar by an orc wizard (9 damage)
             ... with a magic dart
             ... on level 3 of the Dungeon.
             The game lasted 00:03:35 (2775 turns).

GeoRichter the Gusty (Tengu Air Elementalist)       Turns: 2775, Time: 00:03:36

Health: -6/28      AC:  2    Str:  9    XL:     5   Next: 0%
Magic:  6/10       EV: 14    Int: 17    God:
Gold:   59         SH:  0    Dex: 14    Spells: 3/9 levels left

rFire   . . .        o - +4 dagger (protect)
rCold   . . .        (no shield)
rNeg    . . .        a - +0 robe
rPois   .            (helmet restricted)
rElec   .            (no cloak)
rCorr   .            (no gloves)
SInv    .            (boots unavailable)
Will    .....        (no amulet)
Stlth   ++           (no ring)
HPRegen 0.24/turn    (no ring)
MPRegen 0.12/turn

%: no passive effects
@: flying quickly and evasively, quick
A: beak, talons 3, nimble flight
a: no special abilities


You were on level 3 of the Dungeon.
You visited 1 branch of the dungeon, and saw 3 of its levels.

You collected 59 gold pieces.

Inventory:

Hand Weapons
 c - a +0 dagger of electrocution
   (You took it off a goblin on level 1 of the Dungeon)
 o - a +4 dagger of protection (weapon)
   (You took it off a kobold on level 2 of the Dungeon)
Armour
 a - a +0 robe (worn)
Scrolls
 f - 2 scrolls of identify {unknown}
 h - a scroll of vulnerability {unknown}
 i - a scroll of immolation {unknown}
 j - a scroll of magic mapping {unknown}
 n - a scroll of noise {unknown}
Potions
 b - a potion of magic
 d - a potion of mutation {unknown}
 e - a potion of attraction {unknown}
 g - a potion of curing {unknown}
 k - a potion of degeneration {unknown}
 l - a potion of brilliance {unknown}
 m - 2 potions of lignification {unknown}
 p - a potion of might {unknown}


   Skills:
 - Level 2.1 Dodging
 - Level 2.0 Stealth
 + Level 2.8 Spellcasting
 - Level 4.0 Conjurations
 * Level 5.3 Air Magic


You had 3 spell levels left.
You knew the following spells:

 Your Spells              Type           Power      Damage    Failure   Level
a - Shock                 Conj/Air       72%        1d7       2%          1
b - Static Discharge      Conj/Air       36%        2-4/arc   4%          2
c - Mephitic Cloud        Conj/Pois/Air  13%        N/A       14%         3

Your spell library contained the following spells:

 Spells                   Type           Power      Damage    Failure   Level
 Swiftness                Air            20%        N/A       6%          3
 Poisonous Vapours        Pois/Air       22%        N/A       9%          2
 Sublimation of Blood     Necr           2%         N/A       26%         2
 Wereblood                Tmut           2%         N/A       26%         2
 Airstrike                Air            10%        2d(2-18)  21%         4
 Freezing Cloud           Conj/Ice/Air   6%         6-21      80%         5
 Summon Hydra             Summ           1%         N/A       100%        7


Dungeon Overview and Level Annotations

Branches:
Dungeon (3/15) Zot: 15230

Altars:

Shops:
D:1 ?   D:3 *


Innate Abilities, Weirdness & Mutations

You have a beak for a mouth.
You have claws for feet.
Your magical nature lets you fly swiftly and evasively.


Message History

Training target 4.0 for Conjurations reached!
Your Conjurations skill increases to level 4!
Your Air Magic skill increases to level 5!
You have reached level 5!
Your magical nature develops, letting you fly swiftly and evasively.
Magic restored.
Found Acai's Assorted Antiques.
Things that are here:
a +0 short sword; 4 stones; a kobold skeleton An orc wizard is nearby!
An orc wizard is nearby!
The zap hits the orc wizard.
The orc wizard is moderately wounded.
The orc wizard shouts!
You miscast Shock.
You are very lightly contaminated with residual magic.
Nothing appears to happen.
The zap misses the orc wizard.
The zap hits the orc wizard.
The orc wizard is heavily wounded.
The zap misses the orc wizard.
You miscast Shock.
Nothing appears to happen.
The orc wizard casts a spell at you.
You are confused.
You closely miss the orc wizard. Your kick misses the orc wizard.
You peck the orc wizard.
The orc wizard is severely wounded.
The orc wizard misses you.
The orc wizard mumbles some strange words.
The orc wizard flickers and vanishes!
You hear some strange, mumbled words.
A puff of flame appears from out of thin air!
The puff of flame hits you!
You barely miss something. Something hits you.
You bump into the rock wall.
Something hits you.
* * * LOW HITPOINT WARNING * * *
Okay, then.
You feel less confused. Something hits you.
* * * LOW HITPOINT WARNING * * *
Your magical contamination has completely faded away.
You hear some strange, mumbled words.
A magic dart appears from out of thin air!
The magic dart hits you!
* * * LOW HITPOINT WARNING * * *
A magic dart appears from out of thin air!
The magic dart hits you!
You die...

#.............#.......#...######
#............##................#
..............##.......#.######.#
##.###.)......##.......#...####.#
. ...#.....##.......###.#....#
o...#.....##.......###.#.####
.....#.....##..).....##.#.#
.)....#......#........##...#
.......#....≈.≈@.......######
#....≈{≈#######.....#
#....≈≈≈###########.#
#.....####........#.### #.....#
#........#...# #######
#........#.#.# ##........###.#
#########.............#
........................#


There were no monsters in sight!

Vanquished Creatures
  An orc priest (D:3)
  3 adders
  3 worms (D:2)
  A dart slug (D:2)
  2 orcs (D:3)
  A bat (D:2)
  4 endoplasms
  A giant cockroach (D:2)
  9 goblins
  A hobgoblin (D:1)
  4 jackals (D:2)
  A quokka (D:1)
  8 ball pythons
  A frilled lizard (D:1)
  4 kobolds
  3 rats
47 creatures vanquished.

Notes
Turn   | Place    | Note
-------+----------+-------------------------------------------
     0 | D:1      | GeoRichter the Tengu Air Elementalist began the quest for
                  | the Orb.
     0 | D:1      | Reached XP level 1. HP: 10/10 MP: 4/4
   319 | D:1      | Reached XP level 2. HP: 15/15 MP: 4/6
   322 | D:1      | Learned a level 2 spell: Static Discharge
   588 | D:1      | Found Elus's Magic Scroll Boutique.
  1339 | D:2      | Reached XP level 3. HP: 19/19 MP: 1/7
  1493 | D:2      | Found a faded altar of an unknown god.
  1863 | D:2      | Reached XP level 4. HP: 22/24 MP: 3/8
  2444 | D:3      | Learned a level 3 spell: Mephitic Cloud
  2654 | D:3      | Reached skill level 5 in Air Magic
  2654 | D:3      | Gained mutation: Your magical nature lets you fly swiftly
                  | and evasively. [Tengu growth]
  2654 | D:3      | Reached XP level 5. HP: 28/28 MP: 2/10
  2751 | D:3      | Found Acai's Assorted Antiques.
  2775 | D:3      | Killed from afar by an orc wizard

Illustrated notes

Levels and vault maps discovered:
D:1:      kennysheep_arrival_forest, layout_basic, serial_shops,
          nicolae_lakefront_shop, ebering_dispersal_statue_hall,
          minmay_misc_feat_encased, minmay_misc_feat_square
D:2:      minmay_wonky_spiral, layout_rooms, serial_forest,
          infiniplex_forest_end_3, infiniplex_forest_straight_2,
          infiniplex_forest_lined_room_, infiniplex_forest_end_3,
          infiniplex_forest_clump_small, infiniplex_forest_clump_small,
          infiniplex_forest_clump_C, infiniplex_forest_end_1,
          infiniplex_forest_lined_3, shapermc_ecumenical_altar_venn
D:3:      layout_basic, serial_shops, nicolae_shop_tiny_waterfront,
          minmay_quantized

Skill      XL: |  1  2  3  4 |
---------------+-------------+-----
Conjurations   | 2 3 4 |  4.0
Air Magic      | 5 |  5.3
Dodging        | |  2.1
Stealth        | |  2.0
Spellcasting   | |  2.8

Action                     |  1- 3 |  4- 6 || total
---------------------------+-------+-------++-------
  Melee: Dagger            |     2 |   132 ||   134
         Kick              |     2 |    66 ||    68
         Peck              |       |    43 ||    43
         Punch             |       |     2 ||     2
   Cast: Shock             |    77 |    41 ||   118
    Use: Scroll            |     1 |       ||     1
  Dodge: Dodged            |     7 |     2 ||     9
